[Event "Team 45 45 League T36"]
[Site "Internet Chess Club"]
[Date "2008.03.14"]
[Round "8"]
[White "FiendAngelical"]
[Black "kevrose07"]
[Result "0-1"]
[WhiteElo "1867"]
[BlackElo "1928"]
[Opening "French: Winawer, advance, Bogolyubov variation"]
[ECO "C17"]
[Time "16:56:39"]
[TimeControl "2700+45"]

1. e4 e6 2. d4 d5 3. Nc3 Bb4 4. e5 c5 5. Bd2 cxd4 6. Nb5 Bc5 7. Qg4 g6 8. Nf3
Nc6 9. Bg5 Qa5+ 10. Bd2 Qb6 11. a4 a5 12. Bd3 Nge7 13. O-O Bd7 14. c3 dxc3 15.
bxc3 Na7 16. Rab1 Nxb5 17. Bxb5 Qc7 18. c4 dxc4 19. Rfc1 Bxb5 20. Rxb5 b6 21.
Rxc4 Rc8 22. Be3 Qd8 23. Nd4 Bxd4 24. Rxd4 Nd5 25. Bg5 Qc7 26. f4 Qc1+ 27. Qd1
Qxd1+ 28. Rxd1 Nc3 29. Bf6 Rg8 30. Rd6 Nxb5 31. axb5 Ra8 32. Rxb6 a4 33. Rd6 a3
34. Rd1 a2 35. Ra1 Kd7 {White resigns} 0-1

[Event "Team 45 45 League T36"]
[Site "Internet Chess Club"]
[Date "2008.03.17"]
[Round "8"]
[White "AntonioMendonca"]
[Black "siddhu"]
[Result "1-0"]
[WhiteElo "1765"]
[BlackElo "1764"]
[Opening "English: Caro-Kann defensive system"]
[ECO "A11"]
[Time "14:10:25"]
[TimeControl "2700+45"]

1. c4 c6 2. g3 d5 3. Bg2 Nf6 4. Nf3 Bf5 5. cxd5 cxd5 6. Qb3 Qc7 7. Nc3 e6 8. d3
Bc5 9. Bf4 Qb6 10. Qxb6 Bxb6 11. Nb5 Ke7 12. Bd6+ Ke8 13. O-O a6 14. Nc7+ Bxc7
15. Bxc7 Nc6 16. Rac1 Rc8 17. Bb6 Nd7 18. Be3 Ke7 19. h3 h6 20. Kh2 Nde5 21.
Nxe5 Nxe5 22. Bc5+ Kd7 23. f4 Nc6 24. e4 dxe4 25. dxe4 Bh7 26. Rfd1+ Ke8 27. Bb6
Rg8 28. e5 Ke7 29. h4 g5 30. hxg5 hxg5 31. b4 gxf4 32. gxf4 Rg6 33. Bc5+ Ke8 34.
a4 Rh6+ 35. Kg1 Bf5 36. Kf2 f6 37. b5 Nd8 38. Bb6 Rxc1 39. Rxc1 Rh7 40. Rc8 Rd7
41. exf6 Bg6 42. Bh3 Bf7 43. Ke3 axb5 44. axb5 Rd6 45. Bc5 Rd5 46. Bg2 Kd7 47.
Bxd5 Kxc8 48. Bf3 Kc7 49. b6+ Kd7 50. Be4 Nc6 51. Kd3 e5 52. Ke3 exf4+ 53. Kxf4
Nd8 54. Bb4 Nc6 55. Bf5+ Kd8 56. Bc3 Nb8 57. Ke5 Nd7+ 58. Kd6 Nxb6 59. Ba5 Ke8
60. Bxb6 {Black resigns} 1-0

[Event "Team 45 45 League T36"]
[Site "Internet Chess Club"]
[Date "2008.03.16"]
[Round "8"]
[White "RingLord"]
[Black "parrot9"]
[Result "0-1"]
[WhiteElo "1549"]
[BlackElo "1719"]
[Opening "Sicilian"]
[ECO "B50"]
[Time "09:37:37"]
[TimeControl "2700+45"]

1. e4 c5 2. Nf3 d6 3. Bd3 Nc6 4. c3 Nf6 5. Bc2 e5 6. d3 Bg4 7. Nbd2 Be7 8. h3
Bh5 9. g4 Bg6 10. Nf1 d5 11. exd5 Nxd5 12. Ba4 Qc7 13. Ne3 Nf4 14. Bb5 Rd8 15.
Nf5 Bxf5 16. Bxf4 exf4 17. gxf5 O-O 18. Qc2 Ne5 19. Nh2 a6 20. Ba4 Nxd3+ 21. Kf1
b5 22. Ng4 h5 23. f6 hxg4 24. fxg7 Kxg7 25. Qe2 f3 26. Qe4 f5 27. Qe3 bxa4 28.
hxg4 Rh8 29. Rg1 Rh2 30. gxf5+ Rg2 31. Qxf3 Rxg1+ 32. Kxg1 Qf4 33. Qxf4 Nxf4 34.
Re1 Bf6 35. Re4 Rd1+ 36. Kh2 Nd3 37. Rxa4 Be5+ 38. Kg2 Rd2 39. Rxa6 Rxf2+ 40.
Kh3 Rxb2 41. c4 Nb4 42. Ra7+ Kf6 43. a4 Kxf5 44. Rf7+ Ke4 45. Ra7 Ra2 46. Ra8
Kd3 47. a5 Kxc4 48. Kg4 Kb5 49. Kf5 Bd4 50. Rb8+ Kxa5 51. Ra8+ Kb5 52. Rxa2 Nxa2
53. Ke4 Kc4 54. Kf3 Kd3 {White resigns} 0-1

[Event "Team 45 45 League T36"]
[Site "Internet Chess Club"]
[Date "2008.03.15"]
[Round "8"]
[White "Knight77"]
[Black "cayo89"]
[Result "1/2-1/2"]
[WhiteElo "1914"]
[BlackElo "1785"]
[Opening "Réti: King's Indian attack (Barcza system)"]
[ECO "A07"]
[Time "17:18:26"]
[TimeControl "2700+45"]

1. Nf3 d5 2. g3 Nf6 3. Bg2 g6 4. O-O Bg7 5. d3 O-O 6. Nbd2 Re8 7. e4 dxe4 8.
Nxe4 Nxe4 9. dxe4 Qxd1 10. Rxd1 e5 11. Be3 Nc6 12. Rd2 Be6 13. Ng5 Bc8 14. Rad1
f6 15. Nf3 Be6 16. b4 a6 17. a4 Rad8 18. c3 Rxd2 19. Rxd2 Rd8 20. Bf1 Rxd2 21.
Nxd2 Bf8 22. f4 Kf7 23. Kf2 Bh6 24. Kf3 exf4 25. gxf4 g5 26. b5 axb5 27. axb5
Ne7 28. f5 Bd7 29. Kg4 Bg7 30. Nf3 c6 31. b6 Nc8 32. h4 h6 33. Bc5 Ne7 34. hxg5
hxg5 35. Nd4 Kf8 36. Bc4 Ke8 37. Ba6 Bc8 38. Bxe7 Kxe7 39. Nxc6+ Kd7 40. Nb8+
Kd6 41. Bb5 Bf8 42. Kh5 Be7 43. c4 Bd8 44. c5+ Kxc5 45. Bd7 Kxb6 46. Bxc8 Kc7
47. Bxb7 Kxb8 48. Bd5 Kc7 49. Kg4 Kd6 {Game drawn by mutual agreement} 1/2-1/2

[Event "Team 45 45 League T36"]
[Site "Internet Chess Club"]
[Date "2008.03.15"]
[Round "8"]
[White "HKNIGHT"]
[Black "kabindra"]
[Result "1/2-1/2"]
[WhiteElo "1759"]
[BlackElo "1801"]
[Opening "Queen's pawn game"]
[ECO "D00"]
[Time "15:00:47"]
[TimeControl "2700+45"]

1. d4 d5 2. e3 Nf6 3. f4 Nc6 4. Nf3 Bg4 5. Be2 Qd6 6. O-O O-O-O 7. Nbd2 h6 8.
Ne5 Bxe2 9. Qxe2 Rg8 10. Nxf7 Qd7 11. Nxd8 Nxd8 12. Qf3 g5 13. f5 Nf7 14. g4 h5
15. h3 hxg4 16. hxg4 Nh6 17. c3 Nfxg4 18. e4 Nf6 19. exd5 g4 20. Qf4 Nf7 21. c4
Bh6 22. Qf2 Ng5 23. Kg2 Nh3 24. Qe2 Kb8 25. Qe6 Qe8 26. Ne4 Nxe4 27. Qxe4 Qh5
28. Bxh6 Qxh6 29. Rad1 Rh8 30. Qxg4 Qh7 31. Rde1 Rg8 32. Qxg8+ Qxg8+ 33. Kxh3
Qh8+ 34. Kg2 Qg7+ 35. Kh2 Qh6+ 36. Kg2 Qg5+ 37. Kh3 Qh5+ 38. Kg3 Qg5+ 39. Kh3
Qh5+ 40. Kg3 Qg5+ 41. Kh3 {Game drawn by repetition} 1/2-1/2

[Event "Team 45 45 League T36"]
[Site "Internet Chess Club"]
[Date "2008.03.17"]
[Round "8"]
[White "jaybird"]
[Black "smsxman"]
[Result "1-0"]
[WhiteElo "1746"]
[BlackElo "1451"]
[Opening "QGD: exchange variation"]
[ECO "D35"]
[Time "12:00:47"]
[TimeControl "2700+45"]

1. d4 d5 2. c4 Nf6 3. Nc3 e6 4. cxd5 exd5 5. Nf3 Bb4 6. Bg5 O-O 7. e3 h6 8. Bh4
Bg4 9. Be2 Nc6 10. O-O a6 11. Rc1 Qd6 12. Bg3 Qe7 13. Bh4 Qe6 14. Bxf6 Bxc3 15.
bxc3 Qxf6 16. Qb3 Rab8 17. Qxd5 Be6 18. Qc5 Bxa2 19. c4 Qe7 20. Qxe7 Nxe7 21.
Rc3 b5 22. cxb5 axb5 23. Rxc7 Nd5 24. Rc5 b4 25. Bc4 Bxc4 26. Rxc4 Rfc8 27.
Rxc8+ Rxc8 28. Nd2 Rc2 29. Nb3 Rb2 30. Nc5 Nc3 31. g3 Na2 32. Ra1 Rc2 33. Nd3 b3
34. Rb1 Rc3 35. Nb2 f6 36. Na4 Rc1+ 37. Rxc1 Nxc1 38. Nb2 Kf7 39. Kf1 Ke6 40.
Ke1 Kd5 41. Kd2 Na2 42. Kd3 f5 43. f3 g6 44. e4+ fxe4+ 45. fxe4+ Kd6 46. Kc4 Nc1
47. Nd3 Nxd3 48. Kxd3 Kc6 49. Kc3 b2 50. Kxb2 Kb5 51. Kc3 {Black resigns} 1-0

[Event "Team 45 45 League T36"]
[Site "Internet Chess Club"]
[Date "2008.03.17"]
[Round "8"]
[White "Archdruid"]
[Black "charles-allen"]
[Result "0-1"]
[WhiteElo "1691"]
[BlackElo "1832"]
[Opening "Scandinavian defense"]
[ECO "B01"]
[Time "09:07:54"]
[TimeControl "2700+45"]

1. e4 d5 2. exd5 Nf6 3. Nc3 Nxd5 4. Bc4 e6 5. Nf3 Nc6 6. d3 Bb4 7. Bd2 Na5 8.
Bxd5 exd5 9. O-O O-O 10. h3 Nc6 11. a3 Be7 12. Bf4 Be6 13. Nb5 Rc8 14. Re1 a6
15. Nbd4 Nxd4 16. Nxd4 Bd7 17. Qf3 c5 18. Nb3 Bc6 19. Qg3 b6 20. Nd2 Bh4 21. Qg4
Bd7 22. Qf3 Qf6 23. Re5 Qg6 24. Rae1 Bf6 25. R5e2 Bxb2 26. Rb1 Bxa3 27. Ra1 Bb2
28. Rxa6 c4 29. Qxd5 Bc6 30. Qg5 cxd3 31. Re1 dxc2 32. Nb3 Qd3 33. Rxb6 Bd5 34.
Nc1 Bxc1 35. Bxc1 Rfe8 36. Rxe8+ Rxe8 37. Rd6 Qd1+ 38. Kh2 Bxg2 39. Qf4 Qh1+
{White resigns} 0-1

[Event "Team 45 45 League T36"]
[Site "Internet Chess Club"]
[Date "2008.03.13"]
[Round "8"]
[White "GrandPoobah069"]
[Black "OOB1"]
[Result "0-1"]
[WhiteElo "1668"]
[BlackElo "1564"]
[Opening "Sicilian: Alapin's variation (2.c3)"]
[ECO "B22"]
[Time "20:06:53"]
[TimeControl "2700+45"]

1. e4 c5 2. c3 e5 3. Nf3 Nc6 4. Bc4 Nf6 5. d3 Be7 6. O-O O-O 7. Bg5 Ne8 8. Qc1
Bxg5 9. Nxg5 h6 10. Nxf7 Rxf7 11. Bxf7+ Kxf7 12. f4 Nf6 13. fxe5 Nxe5 14. d4
cxd4 15. cxd4 Qb6 16. Qc3 Kg8 17. Nd2 d5 18. Kh1 Nc4 19. Nxc4 dxc4 20. Qxc4+ Be6
21. d5 Bf7 22. b3 Re8 23. Rae1 Ng4 24. Re2 Ne3 25. Qc1 Nxf1 26. Qxf1 Qa6 27. Qd1
Qd6 28. Qd3 Qe5 29. g3 Bxd5 30. Kg1 Qa1+ 31. Kf2 Rf8+ 32. Ke3 Qg1+ 33. Kd2 Bc6
34. b4 a6 35. Qd6 Qb6 36. Kc2 Ba4+ {White resigns} 0-1

[Event "Team 45 45 League T36"]
[Site "Internet Chess Club"]
[Date "2008.03.16"]
[Round "8"]
[White "andreip"]
[Black "hansolo1000"]
[Result "1-0"]
[WhiteElo "2058"]
[BlackElo "1757"]
[Opening "Sicilian: Najdorf, Byrne (English) attack"]
[ECO "B90"]
[Time "04:17:39"]
[TimeControl "2700+45"]

1. e4 c5 2. Nf3 d6 3. d4 cxd4 4. Nxd4 Nf6 5. Nc3 a6 6. Be3 e5 7. Nf3 Be7 8. h3
h6 9. Bc4 Nc6 10. a3 O-O 11. O-O Be6 12. Qd3 b5 13. Bd5 Rc8 14. Rfd1 Bxd5 15.
Nxd5 Nxd5 16. Qxd5 Na5 17. Qd3 Qc7 18. c3 Qc4 19. Qxc4 Nxc4 20. Bc1 f5 21. exf5
Rxf5 22. a4 Rcf8 23. axb5 axb5 24. b3 Nb6 25. Ra6 Nc8 26. Be3 R5f6 27. Ra5 Rg6
28. Nd2 Bg5 29. Bxg5 Rxg5 30. Rxb5 Rgf5 31. f3 Na7 32. Rd5 {Black resigns} 1-0

[Event "Team 45 45 League T36"]
[Site "Internet Chess Club"]
[Date "2008.03.16"]
[Round "8"]
[White "QueensCounselor"]
[Black "primerpaso"]
[Result "1/2-1/2"]
[WhiteElo "1817"]
[BlackElo "1887"]
[Opening "Sicilian: Grand Prix attack"]
[ECO "B23"]
[Time "14:04:51"]
[TimeControl "2700+45"]

1. e4 c5 2. Nc3 Nc6 3. f4 g6 4. Nf3 Bg7 5. Bb5 Nd4 6. O-O e6 7. d3 Ne7 8. Nxd4
cxd4 9. Ne2 O-O 10. Ba4 Rb8 11. Bb3 b5 12. Qe1 a5 13. a4 b4 14. f5 gxf5 15. Qg3
Rb6 16. Bh6 Ng6 17. Bxg7 f4 18. Nxf4 Kxg7 19. Nxg6 hxg6 20. Qe5+ f6 21. Qxa5 Qc7
22. e5 fxe5 23. Rxf8 Kxf8 24. Bc4 Bb7 25. Rf1+ Kg7 26. Rf2 d5 {Game drawn by
mutual agreement} 1/2-1/2

[Event "Team 45 45 League T36"]
[Site "Internet Chess Club"]
[Date "2008.03.15"]
[Round "8"]
[White "gugamircea"]
[Black "Steinwitz"]
[Result "1-0"]
[WhiteElo "1761"]
[BlackElo "1768"]
[Opening "Scandinavian: Marshall variation"]
[ECO "B01"]
[Time "08:10:20"]
[TimeControl "2700+45"]

1. e4 d5 2. exd5 Nf6 3. d4 Nxd5 4. c4 Nf6 5. Nc3 e6 6. Nf3 Be7 7. Bd3 O-O 8. O-O
c5 9. d5 exd5 10. cxd5 b6 11. Qc2 Bb7 12. Bg5 Nbd7 13. d6 Bxd6 14. Bxh7+ Kh8 15.
Rad1 Be7 16. Bf5 Bc6 17. Ne5 Nxe5 18. Rxd8 Raxd8 19. Ne4 Nd5 20. Bxe7 Nxe7 21.
Ng5 N7g6 22. Bxg6 Nxg6 23. Nxf7+ Rxf7 24. Qxg6 Bd5 25. Qh5+ Kg8 26. Rd1 Rfd7 27.
Re1 Bf7 28. Qg4 Rd4 29. f4 Rd2 30. Re2 R2d5 31. Re7 Rd1+ 32. Kf2 R1d2+ 33. Re2
R2d5 34. f5 Rd4 35. Qg5 R4d5 36. h4 R8d6 37. b3 a6 38. g4 Rd4 39. h5 b5 40. Kg3
c4 41. bxc4 bxc4 42. Re3 Rd2 43. Qe7 Rd7 44. Qc5 Rd8 45. Qb6 R8d6 46. Qc7 Rd7
47. Qc8+ Rd8 48. Qxa6 R2d6 49. Qa5 Rd5 50. Qb4 R5d6 51. a4 Ra6 52. a5 Rda8 53.
Ra3 R6a7 54. Kh4 Ra6 55. g5 Rd8 56. g6 Bd5 57. Qe7 Rad6 58. Re3 Bc6 59. Qf7+ Kh8
60. h6 Rd4+ 61. Kg3 Rg8 62. hxg7+ Rxg7 63. Qf8+ Rg8 64. Qh6# {Black checkmated}
1-0

[Event "Team 45 45 League T36"]
[Site "Internet Chess Club"]
[Date "2008.03.16"]
[Round "8"]
[White "burnsja2003"]
[Black "Victorianum"]
[Result "0-1"]
[WhiteElo "1604"]
[BlackElo "1719"]
[Opening "QGD Slav: 4.e3"]
[ECO "D11"]
[Time "10:05:14"]
[TimeControl "2700+45"]

1. d4 Nf6 2. c4 c6 3. Nf3 d5 4. e3 Bg4 5. Be2 e6 6. Qb3 Qc7 7. O-O Nbd7 8. Nc3
dxc4 9. Qxc4 Rc8 10. Qb3 Bd6 11. h3 Bh5 12. Bd2 O-O 13. Rac1 Qb6 14. Qxb6 Nxb6
15. e4 Bb4 16. e5 Nfd5 17. a3 Nxc3 18. Bxc3 Bxc3 19. bxc3 Bxf3 20. Bxf3 Nc4 21.
Be2 Nxa3 22. Ra1 Nb5 23. Bxb5 cxb5 24. Rxa7 Rxc3 25. Rxb7 Rc4 26. Rxb5 Rxd4 27.
Re1 h6 28. Re2 Rd1+ 29. Kh2 Rfd8 30. f4 Rf1 31. Rb4 Kh7 32. g3 Rdd1 33. h4 h5
34. Rb3 Rh1+ 35. Kg2 Rhg1+ 36. Kf3 Rgf1+ 37. Rf2 Rxf2+ 38. Kxf2 Rd7 39. Rb6 Re7
40. Ke3 f6 41. Kd4 Kg6 42. Kc5 fxe5 43. fxe5 Kf7 44. Kd6 Ra7 45. Rc6 Rb7 46.
Rc7+ Rxc7 47. Kxc7 Kg6 48. Kd7 Kf5 49. Ke7 Kxe5 50. Kf7 Kf5 51. Kxg7 e5 {White
resigns} 0-1

[Event "Team 45 45 League T36"]
[Site "Internet Chess Club"]
[Date "2008.03.15"]
[Round "8"]
[White "DctSccr"]
[Black "alegro"]
[Result "1-0"]
[WhiteElo "2204"]
[BlackElo "2102"]
[Opening "QGD: Charousek (Petrosian) variation"]
[ECO "D31"]
[Time "23:02:56"]
[TimeControl "2700+45"]

1. d4 d5 2. c4 e6 3. Nc3 Be7 4. Nf3 Nf6 5. Bg5 c6 6. e3 Nbd7 7. Qc2 h6 8. Bh4
O-O 9. Bd3 dxc4 10. Bxc4 b5 11. Be2 a6 12. O-O c5 13. dxc5 Bxc5 14. Rfd1 Qb6 15.
a4 b4 16. a5 Qa7 17. Bxf6 Nxf6 18. Na4 Be7 19. Nb6 Rb8 20. Ne5 Nd5 21. Nc6 Qc7
22. Rxd5 b3 23. Rd7 {Black resigns} 1-0

[Event "Team 45 45 League T36"]
[Site "Internet Chess Club"]
[Date "2008.03.16"]
[Round "8"]
[White "RedAttack"]
[Black "andreip"]
[Result "0-1"]
[WhiteElo "2012"]
[BlackElo "2073"]
[Opening "English opening"]
[ECO "A10"]
[Time "15:14:55"]
[TimeControl "2700+45"]

1. c4 g6 2. d4 Bg7 3. Nf3 c5 4. d5 d6 5. e4 Nf6 6. Nc3 O-O 7. Bd3 Ng4 8. Qc2 Nd7
9. Bf4 Nde5 10. Be2 Nxf3+ 11. Bxf3 Bd7 12. h3 Ne5 13. Be2 f5 14. f3 fxe4 15.
Qxe4 Bf5 16. Qe3 Qb6 17. Qd2 Nd3+ 18. Bxd3 Bxd3 19. O-O-O Rxf4 20. Qxd3 Qb4 21.
Kb1 Rxc4 22. Rc1 Bxc3 23. Rxc3 Rxc3 24. Qxc3 Qxc3 25. bxc3 Kf7 26. Re1 b5 27.
Kc2 Re8 28. Re6 c4 29. Kd2 Rc8 30. Ke3 a5 31. a3 b4 32. axb4 axb4 33. Kd2 Rc5
34. Re4 Rxd5+ 35. Kc2 b3+ 36. Kb2 Rc5 37. Rf4+ Kg7 38. Re4 e5 39. f4 Kf6 40.
fxe5+ dxe5 41. Re1 Kf5 42. Rf1+ Kg5 43. Rf7 h5 44. g3 h4 45. gxh4+ Kxh4 46. Rg7
g5 47. Rg8 e4 48. Re8 Kxh3 49. Rxe4 g4 {White resigns} 0-1

[Event "Team 45 45 League T36"]
[Site "Internet Chess Club"]
[Date "2008.03.17"]
[Round "8"]
[White "gezira"]
[Black "cesaralexander"]
[Result "1-0"]
[WhiteElo "2236"]
[BlackElo "1992"]
[Opening "French: Winawer, advance, Bogolyubov variation"]
[ECO "C17"]
[Time "16:46:22"]
[TimeControl "2700+45"]

1. e4 e6 2. d4 d5 3. Nc3 Bb4 4. e5 c5 5. Bd2 cxd4 6. Nb5 Be7 7. f4 Nc6 8. Nf3
Qb6 9. a4 a5 10. f5 exf5 11. Bd3 h6 12. O-O Be6 13. Be1 Bc5 14. Bf2 Nge7 15.
Nbxd4 Nxd4 16. Nxd4 O-O 17. c3 Qc7 18. Kh1 Bxd4 19. cxd4 Rac8 20. Be3 Qd7 21.
Qe1 Ng6 22. Qxa5 Qd8 23. Qb4 Rc7 24. Bd2 Qh4 25. Rf3 Nxe5 26. dxe5 d4 27. Rf4
Qh5 28. Rxd4 Rfc8 29. Rf1 g5 30. Qb6 Bd7 31. Ba5 Bc6 32. Qb4 Qh3 33. Qd2 Re7 34.
Bxf5 Bxg2+ 35. Qxg2 Qxg2+ 36. Kxg2 {Black resigns} 1-0

[Event "Team 45 45 League T36"]
[Site "Internet Chess Club"]
[Date "2008.03.16"]
[Round "8"]
[White "ARMAND01968"]
[Black "viking99"]
[Result "1-0"]
[WhiteElo "1802"]
[BlackElo "1820"]
[Opening "French: Steinitz, Boleslavsky variation"]
[ECO "C11"]
[Time "17:04:07"]
[TimeControl "2700+45"]

1. e4 e6 2. d4 d5 3. Nc3 Nf6 4. e5 Nfd7 5. f4 c5 6. Nf3 Nc6 7. Be3 cxd4 8. Nxd4
Bc5 9. Qd2 O-O 10. O-O-O a6 11. h4 Nxd4 12. Bxd4 b5 13. Rh3 b4 14. Na4 Bxd4 15.
Qxd4 a5 16. Bb5 Rb8 17. Bd3 Qc7 18. h5 Qc6 19. h6 g6 20. b3 Ba6 21. Kb1 Rfc8 22.
Rc1 Bxd3 23. Rxd3 Nc5 24. Nxc5 Qxc5 25. Qxc5 Rxc5 26. c4 Rbc8 27. Rcd1 Kf8 28.
cxd5 exd5 29. Rxd5 Ke7 30. Rd7+ Ke8 31. e6 R5c7 32. exf7+ Kf8 33. g4 Rc3 34. Re1
Rf3 35. Re8+ Rxe8 36. fxe8=Q+ Kxe8 37. Rxh7 Rxf4 38. Rg7 Rf1+ 39. Kc2 Rh1 40. h7
Kf8 41. Rg8+ Kf7 42. h8=Q Rxh8 43. Rxh8 Kf6 44. Ra8 Kg5 45. Ra6 {Black resigns}
1-0

[Event "Team 45 45 League T36"]
[Site "Internet Chess Club"]
[Date "2008.03.16"]
[Round "8"]
[White "killer21"]
[Black "PandorasBox"]
[Result "1/2-1/2"]
[WhiteElo "2235"]
[BlackElo "2024"]
[Opening "Dutch with c4 & Nc3"]
[ECO "A85"]
[Time "05:05:18"]
[TimeControl "2700+45"]

1. d4 f5 2. c4 Nf6 3. Nc3 e6 4. Bg5 Be7 5. g3 d5 6. cxd5 exd5 7. e3 O-O 8. Bxf6
Rxf6 9. Rc1 c6 10. Nf3 Nd7 11. Bd3 Bd6 12. Qc2 Qf8 13. h4 Qe8 14. h5 Rh6 15.
Bxf5 Bxg3 16. Ke2 Bd6 17. Rcg1 Nf6 18. Ng5 Bxf5 19. Qxf5 Rxh5 20. Kd2 Rxh1 21.
Rxh1 h6 22. Nf3 Ne4+ 23. Nxe4 Qxe4 24. Qxe4 dxe4 25. Nh4 Rf8 26. Ke2 g5 27. Ng6
Re8 28. Ne5 Bxe5 29. dxe5 Kg7 30. Rd1 Kf7 31. Rd6 Re6 32. Rd7+ Re7 33. Rd6 h5
34. Rf6+ Ke8 35. e6 Rh7 36. Rf5 h4 37. Rxg5 h3 38. Rg1 Ke7 39. f4 h2 40. Rh1
Kxe6 41. Kf2 Rh3 42. Kg2 Rxe3 43. Kxh2 Re2+ 44. Kg3 Rxb2 45. Rh7 a5 46. a4 Rb3+
47. Kg4 e3 48. Rh5 Kf6 49. Rxa5 Rd3 50. Re5 Ra3 51. a5 e2 {Game drawn by mutual
agreement} 1/2-1/2

[Event "Team 45 45 League T36"]
[Site "Internet Chess Club"]
[Date "2008.03.16"]
[Round "8"]
[White "Despair"]
[Black "Terte"]
[Result "0-1"]
[WhiteElo "1988"]
[BlackElo "2161"]
[Opening "Grob's attack"]
[ECO "A00"]
[Time "02:34:51"]
[TimeControl "2700+45"]

1. g4 d5 2. h3 e5 3. d3 Nc6 4. Bg2 Bc5 5. Nf3 Nge7 6. Nxe5 Bxf2+ 7. Kxf2 Nxe5 8.
d4 Nc4 9. b3 Nd6 10. Nc3 Be6 11. e4 dxe4 12. Nxe4 Nxe4+ 13. Bxe4 f5 14. Bxb7 Rb8
15. Bg2 fxg4 16. hxg4 O-O+ 17. Kg1 Ng6 18. Be3 Qd7 19. g5 Bg4 20. Qd3 Bf3 21.
Bxf3 Rxf3 22. Rh2 Qe6 23. Re1 Re8 24. Rhe2 Rg3+ 25. Rg2 Rxe3 26. Rxe3 Qxe3+ 27.
Qxe3 Rxe3 28. Kf2 Rc3 29. Ke1 Nf4 30. Rg4 Ne6 31. Kd2 Rf3 32. Ke2 {White
resigns} 0-1

[Event "Team 45 45 League T36"]
[Site "Internet Chess Club"]
[Date "2008.03.15"]
[Round "8"]
[White "NFork"]
[Black "kolibandi"]
[Result "1-0"]
[WhiteElo "2307"]
[BlackElo "2072"]
[Opening "Sicilian: dragon, classical attack"]
[ECO "B72"]
[Time "14:20:10"]
[TimeControl "2700+45"]

1. e4 c5 2. Nf3 d6 3. d4 cxd4 4. Nxd4 Nf6 5. Nc3 g6 6. Be2 Bg7 7. Be3 O-O 8. f4
Nc6 9. Nb3 Be6 10. g4 Rc8 11. f5 Bxb3 12. axb3 d5 13. exd5 Nb4 14. Bf3 Nfxd5 15.
Nxd5 Nxc2+ 16. Ke2 Nxa1 17. Qxa1 Rc2+ 18. Kf1 e6 19. Qd1 Rxb2 20. f6 exd5 21.
fxg7 Re8 22. Bd4 Ra2 23. Bf2 Qa5 24. Kg2 Rd2 25. Qc1 Qa2 26. Rf1 Kxg7 27. Kg1
Kg8 28. Re1 Rf8 29. Bg3 Qxb3 30. Qxd2 Qxf3 31. Qd4 a6 32. Bd6 Rc8 33. Bb4 f6 34.
Rf1 Qe4 35. Qxe4 dxe4 36. Rxf6 Re8 37. Rb6 Re5 38. Kf2 h5 39. Rxg6+ Kh7 40. Rb6
hxg4 41. Rxb7+ Kg6 42. Rb6+ Kf5 43. Rxa6 e3+ 44. Ke2 Ke4 45. Ra4 Rh5 46. Bd6+
Kf5 47. Ra5+ {Black resigns} 1-0

[Event "Team 45 45 League T36"]
[Site "Internet Chess Club"]
[Date "2008.03.14"]
[Round "8"]
[White "BaroneRosso"]
[Black "cappelo-upgrate"]
[Result "0-1"]
[WhiteElo "1979"]
[BlackElo "2093"]
[Opening "QGD: exchange, positional line"]
[ECO "D35"]
[Time "17:00:43"]
[TimeControl "2700+45"]

1. d4 d5 2. c4 e6 3. Nc3 Nf6 4. cxd5 exd5 5. Bg5 Be7 6. e3 c6 7. Bd3 Nbd7 8.
Nge2 O-O 9. O-O Re8 10. Qc2 b6 11. Rad1 Bb7 12. f3 h6 13. Bh4 c5 14. Bf5 a5 15.
Bf2 cxd4 16. Nxd4 Bc5 17. Ncb5 Rc8 18. Qd2 Ba6 19. Rfe1 Bb4 20. Nc3 Bxc3 21.
bxc3 Rc7 22. Bg3 Ne5 23. Rb1 Rc5 24. Bxe5 Rxe5 25. Qb2 Bc8 26. Bxc8 Qxc8 27.
Qxb6 Rxc3 28. Qb8 Qxb8 29. Rxb8+ Kh7 30. Kf2 Nd7 31. Rb5 Nc5 32. Re2 Nd3+ 33.
Kg3 a4 34. f4 Re4 35. Rxd5 Nc1 36. Kf3 Re8 37. Re1 Nxa2 38. Ra5 Rc4 39. Ra1 Nc3
40. Ra3 Re7 41. h3 Rb7 42. Ra6 Rbb4 43. Nc6 Rb3 44. Ne5 Rxf4+ 45. Kxf4 Rxa3 46.
Nc4 Ra2 47. g3 Rf2+ 48. Kg4 Ne4 49. h4 f5+ 50. Kh3 Rf3 51. Rxa4 Rxg3+ 52. Kh2
Rg4 53. Kh3 Nc5 54. Rb4 h5 55. Kh2 Rxh4+ 56. Kg3 Rg4+ 57. Kh3 Ne4 58. Ra4 Ng5+
59. Kh2 Nf3+ 60. Kh3 h4 {White resigns} 0-1

[Event "Team 45 45 League T36"]
[Site "Internet Chess Club"]
[Date "2008.03.17"]
[Round "8"]
[White "frothyjowels"]
[Black "camembert"]
[Result "1/2-1/2"]
[WhiteElo "1954"]
[BlackElo "1913"]
[Opening "Giuoco Piano"]
[ECO "C44"]
[Time "14:04:44"]
[TimeControl "2700+45"]

1. e4 e5 2. Nf3 Nc6 3. d4 exd4 4. Bc4 Bc5 5. c3 Nf6 6. cxd4 Bb4+ 7. Bd2 Bxd2+ 8.
Nbxd2 d5 9. exd5 Nxd5 10. Qb3 Na5 11. Qa4+ Nc6 12. Ne5 O-O 13. Bxd5 Nxe5 14. Be4
Ng4 15. O-O Qd6 16. Nf3 Nf6 17. Bd3 Bd7 18. Qc2 Rad8 19. Rac1 c6 20. Bf5 Bxf5
21. Qxf5 Qd5 22. Qxd5 Nxd5 23. g3 Nc7 24. Rfd1 Rd5 25. Rc5 Rfd8 26. Rxd5 Rxd5
27. Re1 Kf8 28. Re5 f6 29. Rxd5 Nxd5 30. Kf1 Ke7 31. Ke2 Kd6 32. a3 Ne7 33. Kd3
Kd5 34. Nh4 g5 35. Ng2 Nf5 36. h3 h5 37. g4 hxg4 38. hxg4 Nd6 39. Ne3+ Ke6 40.
f3 f5 41. gxf5+ Nxf5 42. Nxf5 Kxf5 43. b4 Kf4 44. Ke2 b5 45. Kf2 g4 46. fxg4
Kxg4 47. Ke3 Kf5 48. Kf3 Ke6 49. Ke4 Kd6 50. Kd3 Kd5 51. Ke3 Kc4 52. Ke4 Kb3 53.
Ke5 Kxa3 54. Kd6 Kxb4 55. Kxc6 a5 56. d5 a4 57. d6 a3 58. d7 a2 59. d8=Q a1=Q
60. Qd6+ Ka4 61. Kb7 Qg7+ 62. Kb6 Qg1+ 63. Ka6 Qf1 64. Qc6 Qc4 65. Qd7 Qc5 66.
Qd1+ Kb4 67. Qb1+ Kc4 68. Qa2+ Kd4 69. Qb2+ Kc4 70. Qa2+ Kc3 71. Qa1+ Kc2 72.
Qa2+ Kc1 73. Qa1+ Kc2 74. Qa2+ Kd3 75. Qb3+ {Game drawn by mutual agreement}
1/2-1/2

[Event "Team 45 45 League T36"]
[Site "Internet Chess Club"]
[Date "2008.03.13"]
[Round "8"]
[White "room-matt"]
[Black "alo"]
[Result "0-1"]
[WhiteElo "1767"]
[BlackElo "1845"]
[Opening "Bishop's opening: Berlin defense"]
[ECO "C24"]
[Time "14:31:08"]
[TimeControl "2700+45"]

1. e4 e5 2. Bc4 Nf6 3. d3 d6 4. Nc3 Nc6 5. f4 Bg4 6. Nf3 Nd4 7. O-O Qd7 8. a4
O-O-O 9. Be3 Nxf3+ 10. gxf3 Bh3 11. Re1 exf4 12. Bxa7 g5 13. Bf2 g4 14. Qd2 Bh6
15. Bh4 Rhg8 16. Kh1 gxf3 17. Bxf6 Bg2+ 18. Kg1 Bh3+ 19. Kh1 Bg2+ 20. Kg1 Qg4
21. Kf2 Rg5 22. Bxd8 Rh5 23. Bxf7 Rxh2 24. Be6+ Qxe6 25. Kg1 Qh3 {White resigns}
0-1

[Event "Team 45 45 League T36"]
[Site "Internet Chess Club"]
[Date "2008.03.14"]
[Round "8"]
[White "chsrules88"]
[Black "syy89"]
[Result "0-1"]
[WhiteElo "2019"]
[BlackElo "2125"]
[Opening "Sicilian: Pelikan, Chelyabinsk variation"]
[ECO "B33"]
[Time "13:51:51"]
[TimeControl "2700+45"]

1. e4 c5 2. Nf3 Nc6 3. d4 cxd4 4. Nxd4 Nf6 5. Nc3 e5 6. Ndb5 d6 7. Bg5 a6 8. Na3
b5 9. Nd5 Qa5+ 10. Bd2 Qd8 11. Bg5 Be7 12. Bxf6 Bxf6 13. c3 O-O 14. Nc2 Rb8 15.
Bd3 Be6 16. Nce3 Bg5 17. O-O Ne7 18. Bc2 Bxe3 19. Nxe3 b4 20. cxb4 Rxb4 21. b3
Qb8 22. Nf5 Bxf5 23. exf5 f6 24. Qe2 Rc8 25. Bd3 a5 26. f4 Qb6+ 27. Kh1 Rd4 28.
fxe5 dxe5 29. Bc4+ Kh8 30. Be6 Rcd8 31. Rfd1 g6 32. Rf1 Rd2 33. Qf3 R8d3 34.
Qa8+ Rd8 35. Qf3 Kg7 36. h3 Nd5 37. Bxd5 R8xd5 38. fxg6 hxg6 39. Rad1 Qd6 40.
Rxd2 Rxd2 41. a3 f5 42. Qb7+ Qd7 43. Qb8 Qd5 44. Qa7+ Kh6 45. Rf2 Rd4 46. Qe7
Qd6 47. Qe8 e4 48. Qh8+ Kg5 49. g3 e3 50. Re2 Qd5+ 51. Kh2 Qe4 52. h4+ Kg4 53.
Qf6 Kf3 54. Qa6 Qd3 55. Qc6+ Kxe2 {White resigns} 0-1